 Dungeon Crawl Stone Soup version 0.28-a0-407-g69098e2f6d (webtiles) character file.

Game seed: 2470191942239471431

209166 heikuro the Envoy of Void (level 19, -1/177 HPs)
             Began as a Formicid Abyssal Knight on Sept 6, 2021.
             Was a High Priest of Lugonu.
             Slain by a harpy simulacrum (8 damage)
             ... in an ice cave.
             The game lasted 01:34:32 (43718 turns).

heikuro the Envoy of Void (FoAK)                   Turns: 43718, Time: 01:34:32

Health: -1/177     AC: 28    Str: 31      XL:     19   Next: 52%
Magic:  30/32      EV:  9    Int: 10 (13) God:    Lugonu [*****.]
Gold:   1086       SH: 23    Dex: 13      Spells: 18/18 levels left

rFire   + + .      SeeInvis +   b - +1 demon blade (elec)
rCold   + . .      Faith    .   o - +0 tower shield
rNeg    + . .      Spirit   .   u - +3 plate armour {Will+}
rPois   +          Reflect  +   (helmet unavailable)
rElec   .          Harm     .   H - scarf {rC+ rF+}
rCorr   .          Rampage  .   O - +1 pair of gloves {Dex+3}
Will    +++..                   X - +1 pair of boots
Stlth   ..........              S - amulet "Labida" {Reflect Will+ Str+3 SH+5}
HPRegen 0.39/turn               Y - +6 ring of strength
MPRegen 0.23/turn               L - ring "Kasasidd" {rPois rN+}

@: no status effects
A: permanent stasis, dig shafts and tunnels, antennae 3, four strong arms,
iridescent scales 1, fire resistance 1, robust 1, weak 1
}: 1/15 runes: serpentine
a: Dig, Renounce Religion, Depart the Abyss, Bend Space, Banish, Corrupt, Enter
the Abyss


You were in an ice cave.
You worshipped Lugonu.
Lugonu was extremely pleased with you.
You visited 6 branches of the dungeon, and saw 31 of its levels.
You visited the Abyss 3 times.
You also visited: Ossuary and Ice Cave.

You collected 3157 gold pieces.
You spent 2071 gold pieces at shops.

Inventory:

Hand Weapons
 a - a +1 spectral demon blade
 b - a +1 demon blade of electrocution (weapon)
 I - a +2 scimitar of flaming
 K - a +1 rapier of venom
Missiles
 q - 116 poisoned darts (quivered)
 v - 2 throwing nets
 P - 3 curare-tipped darts
Armour
 o - a +0 tower shield (worn)
 u - a +3 plate armour of willpower (worn)
 F - a +0 cloak
 H - a scarf of resistance (worn)
 O - a +1 pair of gloves of dexterity (worn)
 X - a +1 pair of boots (worn)
Jewellery
 w - a +4 ring of evasion
 L - the ring "Kasasidd" (right hand) {rPois rN+}
   (You bought it in a shop on level 2 of the Orcish Mines)

   [ring of poison resistance]

   rPois:     It protects you from poison.
   rN:        It protects you from negative energy.
 R - a +6 ring of strength
 S - the amulet "Labida" (around neck) {Reflect Will+ Str+3 SH+5}
   (You found it on level 13 of the Dungeon)

   [amulet of reflection]

   It reflects blocked missile attacks.
   Str:       It affects your strength (+3).
   SH:        It affects your SH (+5).
   Will:      It increases your willpower.
 U - an amulet of the acrobat
 Y - a +6 ring of strength (left hand)
 Z - a +4 ring of evasion
Wands
 h - a wand of polymorph (4)
 t - a wand of flame (85)
 C - a wand of acid (32)
 E - a wand of mindburst (35)
 G - a wand of iceblast (34)
 J - a wand of digging (15)
 T - a wand of charming (35)
 V - a wand of paralysis (20)
Scrolls
 c - 2 scrolls of acquirement
 e - 13 scrolls of identify
 f - a scroll of holy word
 l - 4 scrolls of fear
 n - 3 scrolls of immolation
 y - 4 scrolls of enchant weapon
 z - 3 scrolls of fog
 A - 3 scrolls of enchant armour
 D - 6 scrolls of brand weapon
 N - a scroll of summoning
 Q - 3 scrolls of magic mapping
Potions
 d - 2 potions of resistance
 g - 8 potions of curing
 i - a potion of invisibility
 j - 2 potions of ambrosia
 k - 10 potions of might
 m - 5 potions of brilliance
 p - 6 potions of flight
 r - 5 potions of lignification
 s - 5 potions of heal wounds
 B - 8 potions of attraction
 M - 3 potions of cancellation
Miscellaneous
 x - a tin of tremorstones (2/2)
 W - a condenser vane


   Skills:
 + Level 17.2 Fighting
 - Level 14.0 Long Blades
 + Level 17.1 Armour
 - Level 1.0 Dodging
 * Level 14.4 Shields
 + Level 18.4 Invocations


You had 18 spell levels left.
You didn't know any spells.
Your spell library contained the following spells:

 Spells                   Type           Power      Damage    Failure   Level
 Animate Skeleton         Necr           0%         N/A       89%         1
 Apportation              Tloc           0%         N/A       89%         1
 Corona                   Hex            0%         N/A       89%         1
 Magic Dart               Conj           0%         1d3       89%         1
 Sandblast                Erth           0%         2d4       89%         1
 Sting                    Tmut/Pois      0%         1d3       89%         1
 Summon Small Mammal      Summ           0%         N/A       89%         1
 Passwall                 Tmut/Erth      0%         N/A       96%         2
 Searing Ray              Conj           0%         3d3       96%         2
 Slow                     Hex            0%         N/A       96%         2
 Static Discharge         Conj/Air       0%         N/A       96%         2
 Confusing Touch          Hex            0%         N/A       99%         3
 Stone Arrow              Conj/Erth      0%         3d7       99%         3
 Vampiric Draining        Necr           0%         2d6       99%         3
 Animate Armour           Summ/Erth      0%         N/A       100%        4
 Animate Dead             Necr           0%         N/A       100%        4
 Fulminant Prism          Conj/Hex       0%         3d6       100%        4
 Summon Ice Beast         Ice/Summ       0%         N/A       100%        4
 Summon Lightning Spire   Summ/Air       0%         N/A       100%        4
 Blade Hands              Tmut           0%         N/A       100%        5
 Borgnjor's Vile Clutch   Necr/Erth      0%         N/A       100%        5
 Iskenderun's Battlesphe  Conj           0%         2d6       100%        5
 Lightning Bolt           Conj/Air       0%         1d11      100%        5
 Summon Forest            Summ/Tloc      0%         N/A       100%        5
 Summon Mana Viper        Hex/Summ       0%         N/A       100%        5
 Conjure Ball Lightning   Conj/Air       0%         3x3d6     100%        6
 Death Channel            Necr           0%         N/A       100%        6
 Iron Shot                Conj/Erth      0%         9d1       100%        6
 Summon Cactus Giant      Summ           0%         N/A       100%        6
 Monstrous Menagerie      Summ           0%         N/A       100%        7
 Orb of Destruction       Conj           0%         N/A       100%        7
 Storm Form               Tmut/Air       0%         N/A       100%        7
 Maxwell's Capacitive Co  Air            0%         ∞         100%        8


Dungeon Overview and Level Annotations

Branches:
Dungeon (15/15)            Temple (1/1) D:7            Lair (6/6) D:8
 Shoals (3/4) Lair:4        Snake (4/4) Lair:3        Slime (0/5) Lair:6
    Orc (2/2) D:9             Elf (0/3) Orc:2        Vaults (0/5) D:14
 Depths (0/5) D:15        Ossuary (visited)           IceCv (1/1)

Altars:
Ashenzari
Cheibriados
Dithmenos
Elyvilon
Fedhas
Gozag
Hepliaklqana
Kikubaaqudgha
Makhleb
Nemelex Xobeh
Okawaru
Qazlal
Ru
Sif Muna
Trog
Uskayaw
Vehumet
Wu Jian
Xom
Yredelemnul
Zin
The Shining One
Beogh
Jiyva

Shops:
D:3 [:   Orc:2 [[==   Shoals:1 =   Shoals:2 :

Annotations:
Snake:3 2 runed translucent doors, ooooo's ghost, journeyman FeCj


Innate Abilities, Weirdness & Mutations

You cannot be hasted, slowed, berserked, paralysed or teleported.
You can dig through walls and to a lower floor.
You have a pair of large antennae on your head. (SInv)
Your four strong arms can wield two-handed weapons with a shield.
You are partially covered in iridescent scales. (AC +2)
Your flesh is heat resistant. (rF+)
You are robust. (+10% HP)
You are weak. (Str -2)


Message History

You dig through the rock wall.
You block the thrashing horror's attack.
The thrashing horror tramples you but does no damage.
You retract your mandibles.
You block the thrashing horror's attack. x2
You block the thrashing horror's attack. x2
A wight comes into view. It is wielding a +0 battleaxe.
The thrashing horror roars!
You hear a screech!
The thrashing horror tramples you but does no damage.
You block the thrashing horror's attack.
Something shouts, "Fly, thou pox-marked onion-eyed Cock-Lorel!"
You hear a bark!
A starcursed mass comes into view.
A rust devil comes into view.
A worldbinder comes into view. 2 wights come into view.
A wight is wielding a +2 hand axe of venom.
The thrashing horror tramples you but does no damage.
You block the thrashing horror's attack.
A tentacle flies out from the starspawn's body!
A starspawn tentacle comes into view.
A wight comes into view. It is wielding a +0 falchion.
You block the rust devil's attack.
You slash the rust devil!
The rust devil is moderately wounded.
The worldbinder calls forth creatures from the Orcish Mines!
Unknown command.
Space bends sharply around you!
The rust devil blinks!
You blink.
A white imp and a wight come into view.
The wight is wielding a +0 scimitar and carrying a wand of flame (19).
The wight barely misses you.
A starcursed mass splits.
The wight hits you with a +1 great sword!
* * * LOW HITPOINT WARNING * * *
You block the wight's attack.
A raiju comes into view.
You pass through the gate.
You block the harpy simulacrum's attack.
The harpy simulacrum claws you.
* * * LOW HITPOINT WARNING * * *
The harpy simulacrum freezes you! You resist.
You die...

#######
##.....##
##.Z.∩.Z.##
##..Z@u....##
#..ZZZ∩.....#
#...........#
#.....Z.....#
#.............#
#...Z8...8....#
#......?......#
##....)(/....##
#...$.©.)...#


You could see a white very ugly thing, an anaconda simulacrum, 2 dire elephant
simulacra, a lindwurm simulacrum, a golden dragon simulacrum, 2 harpy simulacra
and an ettin simulacrum.

Vanquished Creatures
  Rupert (D:15)
  2 liches (Abyss:1)
  Kirke (D:15)
  2 tentacled starspawn (Abyss:1)
  Gastronok (Lair:3)
  8 nagarajas
  Nessos (D:15)
  The ghost of Anno the Severer, a journeyman MiBe of Trog (D:13)
  2 dire elephants
  The ghost of hatdisgam the Carver, a journeyman VSFi of Uskayaw (Lair:6)
  3 merfolk impalers
  Snorg (Lair:3)
  12 naga warriors
  3 boulder beetles (D:14)
  3 salamander tyrants
  9 hydras
  4 catoblepae
  2 ogre magi
  4 centaur warriors
  Erica (D:9)
  8 anacondas
  A merfolk aquamancer (Shoals:2)
  A deep troll shaman (Lair:6)
  A merfolk avatar (Shoals:1)
  8 two-headed ogres
  An orc high priest (Orc:1)
  17 naga sharpshooters
  4 skeletal warriors
  8 shock serpents
  9 death yaks (Lair:6)
  2 wretched stars (Abyss:1)
  Sonja (D:13)
  A sixfirhy (Abyss:1)
  5 salamander mystics
  A deep elf knight (D:14)
  A sea snake (Shoals:2)
  12 naga ritualists
  3 lindwurms
  A large abomination (Abyss:1)
  17 harpies
  An oklob plant (Lair:6)
  A wolf spider zombie (D:13)
  14 mana vipers
  4 deep elf pyromancers
  A deep elf zephyrmancer (D:14)
  2 fauns (Shoals:1)
  8 salamanders
  6 cyclopes
  A wolf spider (D:14)
  4 worldbinders (Abyss:1)
  8 orc sorcerers
  13 ugly things
  3 spectral centaurs (D:13)
  3 merfolk sirens
  9 elephants
  10 manticores
  2 water nymphs
  20 naga magi
  50 black mambas
  2 guardian serpents (Snake:2)
  2 smoke demons (Abyss:1)
  9 cane toads
  A gargoyle (D:10)
  An unseen horror (D:12)
  2 rime drakes (Lair:5)
  5 komodo dragons
  4 hellwings (Abyss:1)
  3 trolls
  A meliai (shapeshifter) (D:13)
  5 merfolk
  3 meliai (D:15)
  A troll (shapeshifter) (Abyss:1)
  2 polar bears
  A hornet (D:9)
  A raiju (Abyss:1)
  13 blink frogs
  A wind drake (Shoals:1)
  2 snapping turtles
  3 shadows
  2 centaur simulacra (D:13)
  3 wyverns
  Sigmund (D:6)
  2 wraiths
  2 vampires
  4 fire bats (Abyss:1)
  2 ynoxinuls (Abyss:1)
  A wyvern (shapeshifter) (D:14)
  18 yaks
  5 water elementals (Shoals:2)
  4 basilisks
  Grum (D:10)
  A steam dragon (D:9)
  9 vampire mosquitoes
  2 neqoxecs (Abyss:1)
  3 chaos spawn (Abyss:1)
  40 nagas
  8 wargs
  15 water moccasins
  3 acid dragons
  A meliai simulacrum (D:13)
  3 ice beasts
  12 orc warriors
  3 necrophages
  3 black bears
  10 ogres
  27 wolves
  A boggart (D:14)
  15 centaurs
  2 kobold brigands
  Blork the orc (D:7)
  17 bullfrogs
  2 gnoll sergeants
  A scorpion (D:6)
  A wyvern zombie (Ossuary)
  2 water moccasin skeletons (D:4)
  2 hornet simulacra
  4 killer bees (D:10)
  2 howler monkeys (D:7)
  5 wights
  2 starcursed masses (Abyss:1)
  6 bullfrog zombies
  10 centaur zombies
  A crimson imp (D:9)
  2 quasits (Abyss:1)
  5 centaur skeletons
  Crazy Yiuf (D:6)
  2 jellies (D:6)
  A bullfrog skeleton (D:7)
  6 orc priests
  A gnoll shaman (D:9)
  A hound (D:6)
  2 iguanas (D:5)
  43 orc wizards
  A killer bee zombie (Ossuary)
  6 small abominations (Abyss:1)
  A hound skeleton (D:5)
  14 mummies (Ossuary)
  2 howler monkey zombies (Ossuary)
  A gnoll (shapeshifter) (D:13)
  20 gnolls
  2 adders (D:2)
  A shadow imp (D:7)
  2 white imps
  An ufetubus (Abyss:1)
  2 worms
  A dart slug (D:3)
  72 orcs
  5 endoplasms
  2 giant cockroaches
  7 goblins
  4 hobgoblins
  2 jackals (D:1)
  4 quokkas
  2 ball pythons
  3 bats
  2 frilled lizards
  11 kobolds
  2 rats
  A bush (Lair:6)
880 creatures vanquished.

Vanquished Creatures (collateral kills)
  An orc (D:5)
1 creature vanquished.

Vanquished Creatures (others)
  A nagaraja (Snake:4)
  A naga mage (Snake:4)
  A centaur skeleton (D:14)
  2 humans (D:15)
  A small abomination (Abyss:1)
  A gnoll (D:9)
  2 orcs (D:7)
  2 bushes (Lair:4)
  20 fungi
  2 lurking horrors (Abyss:1)
  21 plants
  10 starspawn tentacles (Abyss:1)
  9 withered plants (Ossuary)
73 creatures vanquished.

Grand Total: 954 creatures vanquished

Notes
Turn   | Place    | Note
-------+----------+-------------------------------------------
     0 | Abyss:1  | heikuro the Formicid Abyssal Knight began the quest for the
                  | Orb.
     0 | Abyss:1  | Reached XP level 1. HP: 18/18 MP: 2/2
    44 | Abyss:1  | Noticed a blink frog
    48 | D:1      | Escaped the Abyss
   102 | D:1      | Reached skill level 1 in Dodging
   375 | D:1      | Found a faded altar of an unknown god.
   378 | D:1      | Reached XP level 2. HP: 24/24 MP: 3/3
  1410 | D:2      | Reached XP level 3. HP: 25/29 MP: 4/4
  1534 | D:3      | Reached * piety under Lugonu
  1538 | D:3      | Noticed a necrophage
  1551 | D:3      | Killed a necrophage
  1552 | D:3      | Reached skill level 3 in Invocations
  1552 | D:3      | Reached XP level 4. HP: 29/37 MP: 4/6
  1552 | D:3      | Reached XP level 5. HP: 33/42 MP: 4/7
  2099 | D:3      | Found Icuivur's Book Boutique.
  2335 | D:3      | Found a basalt altar of Yredelemnul.
  2343 | D:3      | Found a radiant altar of Vehumet.
  2390 | D:3      | Reached XP level 6. HP: 48/48 MP: 8/8
  2571 | D:3      | You fall into a shaft and drop 3 floors!
  2573 | D:6      | Noticed an ice beast
  2581 | D:6      | You fall into a shaft and drop 1 floor!
  2946 | D:7      | Noticed a shadow
  2964 | D:7      | Killed a shadow
  2965 | D:7      | Reached skill level 4 in Invocations
  2965 | D:7      | Reached XP level 7. HP: 32/55 MP: 8/10
  3215 | D:6      | Noticed Blork the orc
  3224 | D:7      | Killed Blork the orc
  3225 | D:7      | Reached skill level 5 in Long Blades
  3485 | D:6      | Reached skill level 5 in Fighting
  3657 | D:6      | Reached XP level 8. HP: 54/62 MP: 11/11
  3749 | D:5      | Entered Level 5 of the Dungeon
  3831 | D:5      | Reached skill level 5 in Invocations
  3843 | D:5      | Found a sand-covered staircase.
  3847 | Ossuary  | Entered an ossuary
  3931 | Ossuary  | Reached ** piety under Lugonu
  3932 | Ossuary  | Reached skill level 5 in Armour
  4207 | D:5      | Reached skill level 6 in Invocations
  4207 | D:5      | Reached XP level 9. HP: 58/69 MP: 13/13
  4628 | D:3      | Found Gefis's Armour Boutique.
  4644 | D:3      | Bought a +0 buckler for 58 gold pieces
  4960 | D:4      | Reached *** piety under Lugonu
  5452 | D:5      | Found a glowing silver altar of Zin.
  5452 | D:5      | Noticed an angel
  5685 | D:5      | Reached skill level 1 in Shields
  5914 | D:5      | Found an ornate altar of the Wu Jian Council.
  5916 | D:5      | Found a snail-covered altar of Cheibriados.
  5916 | D:5      | Found an opulent altar of Gozag.
  6361 | D:6      | Found a runed translucent door.
  6362 | D:6      | Noticed Crazy Yiuf
  6382 | D:6      | Noticed Sigmund
  6387 | D:6      | Killed Sigmund
  6447 | D:6      | Killed Crazy Yiuf
  6448 | D:6      | Reached skill level 7 in Invocations
  6798 | D:7      | Reached XP level 10. HP: 79/79 MP: 15/15
  7218 | D:7      | Found a staircase to the Ecumenical Temple.
  7225 | Temple   | Entered the Ecumenical Temple
  7800 | D:8      | Found a staircase to the Lair.
  7841 | D:8      | Found an iron altar of Okawaru.
  7866 | D:8      | Found a broken altar of Ashenzari.
  7935 | D:8      | Gained mutation: You are partially covered in iridescent
                  | scales. (AC +2) [potion of mutation]
  7935 | D:8      | Gained mutation: Your flesh is heat resistant. (rF+)
                  | [potion of mutation]
  7935 | D:8      | Gained mutation: You are robust. (+10% HP) [potion of
                  | mutation]
  7969 | D:8      | Found a white marble altar of Elyvilon.
  8153 | D:8      | Found a stormy altar of Qazlal.
  8304 | D:8      | Identified the +1 leather armour of Free Expression
                  | {Slay+4}
  8358 | D:9      | Noticed Erica
  8635 | D:9      | Killed Erica
  8636 | D:9      | Reached skill level 8 in Invocations
  8815 | D:9      | Reached **** piety under Lugonu
  8917 | D:9      | Found a staircase to the Orcish Mines.
  9195 | D:9      | Reached skill level 10 in Long Blades
  9195 | D:9      | Reached XP level 11. HP: 91/94 MP: 17/17
  9549 | D:10     | Entered Level 10 of the Dungeon
  9605 | D:10     | You fall into a shaft and drop 3 floors!
  9613 | D:13     | Noticed a cyclops
  9631 | D:13     | Killed a cyclops
  9748 | D:12     | Noticed a purple ugly thing
  9811 | D:11     | Noticed a manticore
  9823 | D:11     | Killed a manticore
  9824 | D:11     | Reached skill level 9 in Invocations
  9912 | D:10     | Noticed Grum
  9926 | D:10     | Killed Grum
 10066 | D:10     | Noticed a cyan ugly thing
 10067 | D:10     | Noticed a centaur warrior
 10119 | D:10     | Killed a cyan ugly thing
 10136 | D:10     | Killed a centaur warrior
 10668 | Orc:1    | Entered Level 1 of the Orcish Mines
 11135 | D:11     | Noticed a two-headed ogre
 11140 | D:11     | Killed a two-headed ogre
 11379 | D:11     | Reached XP level 12. HP: 105/105 MP: 19/19
 11642 | D:11     | Reached skill level 10 in Invocations
 11945 | D:12     | Reached ***** piety under Lugonu
 12141 | D:12     | Noticed a two-headed ogre
 12148 | D:12     | Killed a two-headed ogre
 12149 | D:12     | Reached skill level 10 in Fighting
 12179 | D:12     | Identified 2 scrolls of acquirement
 12179 | D:12     | Acquired a +0 pair of gloves of dexterity
 12518 | D:12     | Noticed a two-headed ogre
 12525 | D:12     | Killed a two-headed ogre
 12526 | D:12     | Reached skill level 10 in Armour
 12973 | D:13     | Noticed a four-headed hydra
 12980 | D:13     | Killed a one-headed hydra
 13147 | D:13     | Noticed Sonja
 13155 | D:13     | Reached skill level 11 in Invocations
 13166 | D:13     | Killed Sonja
 13220 | D:13     | Noticed an eight-headed hydra
 13235 | D:13     | Killed a two-headed hydra
 13236 | D:13     | Reached XP level 13. HP: 40/114 MP: 21/21
 13720 | D:13     | Found a runed translucent gate.
 13721 | D:13     | Found a runed translucent gate.
 13722 | D:13     | Found a runed translucent gate.
 13724 | D:13     | Noticed Anno's ghost (journeyman MiBe)
 14194 | D:13     | Identified the amulet "Labida" {Reflect Will+ Str+3 SH+5}
 14271 | D:13     | Killed Anno's ghost
 15055 | D:14     | Noticed a boulder beetle
 15065 | D:14     | Killed a boulder beetle
 15189 | D:14     | Noticed a boulder beetle
 15200 | D:14     | Killed a boulder beetle
 15454 | D:14     | Reached skill level 12 in Invocations
 15742 | D:14     | Noticed a centaur warrior
 15749 | D:14     | Killed a centaur warrior
 16017 | D:14     | Noticed a centaur warrior
 16023 | D:14     | Killed a centaur warrior
 16463 | D:14     | Noticed a boulder beetle
 16484 | D:14     | Killed a boulder beetle
 16778 | D:14     | Noticed an ogre mage
 16787 | D:14     | Killed an ogre mage
 16788 | D:14     | Reached XP level 14. HP: 106/125 MP: 23/23
 17603 | D:14     | Found a gate to the Vaults.
 17957 | D:15     | Entered Level 15 of the Dungeon
 17975 | D:15     | Noticed Rupert
 17990 | D:15     | Killed Rupert
 18388 | D:15     | Found a shadowy altar of Dithmenos.
 18502 | D:15     | Found a staircase to the Depths.
 18502 | D:15     | Noticed a dire elephant
 18511 | D:15     | Reached skill level 13 in Invocations
 18527 | D:15     | Killed a dire elephant
 18528 | D:15     | Reached skill level 5 in Shields
 19338 | D:15     | Noticed Kirke
 19348 | D:15     | Killed Kirke
 19367 | D:15     | Noticed Nessos
 19384 | D:15     | Killed Nessos
 20426 | Lair:1   | Entered Level 1 of the Lair of Beasts
 21434 | Lair:2   | Reached XP level 15. HP: 134/134 MP: 25/25
 21945 | Lair:3   | Noticed Gastronok
 21967 | Lair:3   | Killed Gastronok
 22246 | Lair:3   | Got the Almanac of Dusty Shape Shifting
 22309 | Lair:3   | Found a staircase to the Snake Pit.
 22403 | Lair:3   | Noticed Snorg
 22417 | Lair:3   | Killed Snorg
 23023 | Lair:4   | Reached ****** piety under Lugonu
 23154 | Lair:4   | Reached skill level 14 in Invocations
 23594 | Lair:4   | Found a staircase to the Shoals.
 24301 | Lair:5   | Identified the +7 war axe of Sig Zeg {drain, Fly rElec
                  | Str+4}
 24722 | Lair:6   | Entered Level 6 of the Lair of Beasts
 24722 | Lair:6   | Found a runed translucent door.
 24725 | Lair:6   | Noticed hatdisgam's ghost (journeyman VSFi)
 24742 | Lair:6   | Killed hatdisgam's ghost
 24819 | Lair:6   | Found a viscous altar of Jiyva.
 24819 | Lair:6   | Found a staircase to the Slime Pits.
 25593 | Lair:6   | Reached XP level 16. HP: 122/146 MP: 27/27
 25693 | Lair:6   | Reached skill level 15 in Invocations
 26903 | Orc:2    | Entered Level 2 of the Orcish Mines
 26988 | Orc:2    | Found a staircase to the Elven Halls.
 28128 | Orc:2    | Found Civoiri's Antique Armour Boutique.
 28128 | Orc:2    | Found Ducyso's Antique Armour Shoppe.
 28246 | Orc:2    | Found Zochir's Jewellery Boutique.
 28246 | Orc:2    | Found Ikhirph's Jewellery Shoppe.
 28432 | Orc:2    | Bought a pair of runed boots for 210 gold pieces
 28461 | Orc:2    | Bought a runed plate armour for 988 gold pieces
 28483 | Orc:2    | Bought a glowing kite shield for 285 gold pieces
 28804 | Orc:2    | Bought the ring "Kasasidd" {rPois rN+} for 530 gold pieces
 28976 | Snake:1  | Entered Level 1 of the Snake Pit
 29229 | Snake:1  | Reached skill level 15 in Fighting
 29436 | Snake:1  | Reached skill level 16 in Invocations
 29787 | Snake:1  | Identified the +6 spear of the Illusory Ships {vorpal, Fly
                  | rC+}
 29855 | Snake:1  | HP: 5/149 [black mamba (6)]
 29861 | Snake:1  | Reached skill level 15 in Armour
 31097 | Snake:2  | Reached XP level 17. HP: 134/156 MP: 29/29
 32343 | Snake:2  | HP: 7/156 [naga mage/bolt of poison (8)]
 32812 | Abyss:1  | Noticed a tentacled starspawn
 32827 | Abyss:1  | Killed a tentacled starspawn
 32946 | Snake:2  | Escaped the Abyss
 33954 | Snake:3  | Reached skill level 17 in Invocations
 34095 | Snake:3  | Found a large runed translucent door.
 34096 | Snake:3  | Found a large runed translucent door.
 34100 | Snake:3  | Noticed ooooo's ghost (journeyman FeCj)
 34151 | Snake:3  | Reached skill level 10 in Shields
 35806 | Snake:3  | Reached XP level 18. HP: 166/166 MP: 30/30
 36672 | Snake:4  | Entered Level 4 of the Snake Pit
 36905 | Snake:4  | Found an ancient bone altar of Kikubaaqudgha.
 39903 | Snake:4  | Got a serpentine rune of Zot
 40728 | Shoals:1 | Entered Level 1 of the Shoals
 40738 | Shoals:1 | Reached skill level 18 in Invocations
 40949 | Shoals:1 | Found Ufefagi's Jewellery Shoppe.
 41134 | Shoals:1 | Reached XP level 19. HP: 92/174 MP: 32/32
 41928 | Shoals:2 | Found Waocwiowk's Self-Improvement Boutique.
 42656 | Shoals:3 | Found a frozen archway.
 42666 | IceCv    | Entered an ice cave
 42668 | IceCv    | HP: 5/177 [anaconda simulacrum (8)]
 43233 | Abyss:1  | Noticed a lich
 43310 | Abyss:1  | Killed a lich
 43579 | Abyss:1  | Gained mutation: You are weak. (Str -2) [a neqoxec]
 43601 | Abyss:1  | Noticed a lich
 43642 | Abyss:1  | Killed a lich
 43717 | Abyss:1  | HP: 8/177 [wight (8)]
 43718 | IceCv    | Escaped the Abyss
 43718 | IceCv    | Slain by a harpy simulacrum

Illustrated notes

Levels and vault maps discovered:
D:1:      lemuel_arrival_hallway, layout_rooms,
          shapermc_ecumenical_altar_mp_highgroup
D:2:      layout_basic
D:3:      layout_basic, mainiacjoe_overflow_catwalk_spiral, serial_shops,
          nicolae_shop_behind_doors, shop, minmay_diced_spiral
D:4:      layout_rooms
D:5:      layout_loops_ring, grunt_temple_overflow_diamond, zin_angel,
          lightli_ossuary_entry_decrepit_ruins
D:6:      layout_cave_pools, grunt_decor_mini_mirrors, minmay_circle_x,
          uniq_crazy_yiuf_cottage, uniq_sigmund, uniq_blork_the_orc
D:7:      layout_basic, minmay_temple_entry_glass
D:8:      layout_basic, nicolae_ashenzari_panopticon, overflow_temple_1_default,
          elyvilon_altar_3, nicolae_qazlal_style_of_elements
D:9:      layout_rooms, erik_orc_3, minmay_fire_ice_demons, uniq_erica
D:10:     layout_loops_ring, serial_park_tiny_1, chequers_arboretum,
          mrwooster_statue_mirror, minmay_chambers_of_fives, uniq_grum
D:11:     layout_roguey
D:12:     layout_gridville
D:13:     layout_gridville, gammafunk_ghost_necromancy, uniq_sonja
D:14:     layout_irregular_city, hangedman_vaults_entry_quadrant_bands,
          minivault_27
D:15:     hangedman_depths_entry_try_elsewhere_first, layout_irregular_city,
          nicolae_dithmenos_the_darkroom, uniq_nessos, uniq_rupert, uniq_kirke
Temple:   minmay_temple_forest_path
Lair:1:   layout_roguey
Lair:2:   layout_chaotic_city, grunt_megastairs_3
Lair:3:   cheibrodos_lair_river_kwai, layout_hall_layers,
          minmay_snake_entry_six_corridors, lemuel_fruit_fields, uniq_gastronok,
          uniq_snorg
Lair:4:   layout_hall_layers, elwin_shoals_entry_stream, serial_rivers,
          chequers_serial_rivers_marsh, chequers_serial_rivers_small_a,
          chequers_serial_rivers_room_b, chequers_serial_rivers_marsh,
          chequers_serial_rivers_small_3, chequers_serial_rivers_micro_a,
          chequers_serial_rivers_room_b, st_stairs_11, minmay_hedge_maze
Lair:5:   layout_hall_layers, infiniplex_staircase_pool_2, grunt_megastairs_5
Lair:6:   grunt_lair_end_beastmaster, layout_misc_corridors, slime_altar_1,
          ebering_ghost_inner_flame, minmay_lair_oklob_bushes
Shoals:1: layout_shoals, serial_shops, shop
Shoals:2: layout_shoals, nicolae_shop_self_help
Shoals:3: layout_shoals, portal_ice_cave_entry_pillars_three, serial_shops, shop
Snake:1:  layout_onion_interference
Snake:2:  nicolae_cobra_stairs, layout_grid_shapes
Snake:3:  layout_chambers, ebering_ghost_disaster_area,
          nicolae_snake_coiling_death
Snake:4:  snake_pit, layout_onion, basic_altar
Orc:1:    layout_diamond_mine
Orc:2:    st_orc_town, layout_caves
IceCv:    ice_cave_statue_garden_transporter

Skill      XL: |  1  2  3  4  5  6  7  8  9 10 11 12 13 14 15 16 17 18 19 |
---------------+----------------------------------------------------------+-----
Dodging        | 1 |  1.0
Long Blades    | 3 4 5 6 8 10 11 12 14 | 14.0
Armour         | 3 4 5 6 7 9 10 11 12 13 15 16 17 | 17.1
Invocations    | 3 4 6 7 8 9 11 12 13 14 16 17 18 | 18.4
Fighting       | 4 5 6 7 8 9 10 11 12 14 15 16 17 | 17.2
Shields        | 2 7 9 10 13 14 | 14.4

Action                   |  1- 3 |  4- 6 |  7- 9 | 10-12 | 13-15 | 16-18 | 19-21 || total
-------------------------+-------+-------+-------+-------+-------+-------+-------++-------
Melee: Falchion          |    51 |    58 |   124 |       |       |       |       ||   233
       Quarterstaff      |     4 |    47 |    70 |       |       |       |       ||   121
       Demon blade       |       |       |    39 |   323 |   656 |  1283 |   323 ||  2624
       Scimitar          |       |       |       |    14 |    22 |    12 |       ||    48
Throw: Dart              |       |     8 |     5 |     2 |       |       |       ||    15
Invok: Depart the Abyss  |     1 |       |       |       |       |     1 |     1 ||     3
       Bend Space        |       |       |       |     1 |     3 |     7 |     5 ||    16
       Enter the Abyss   |       |       |       |       |       |     1 |     1 ||     2
 Abil: Dig               |       |     4 |     3 |     4 |     2 |    10 |    10 ||    33
       Shaft Self        |       |     2 |       |       |       |       |       ||     2
Evoke: Wand              |       |       |       |       |     1 |       |       ||     1
  Use: Scroll            |       |     3 |    13 |     5 |     9 |     1 |     1 ||    32
       Potion            |       |       |       |     2 |     2 |       |       ||     4
 Stab: Distracted        |       |       |     3 |     2 |    10 |    10 |       ||    25
Armor: Scale mail        |    23 |    27 |    36 |       |       |       |       ||    86
       Plate armour      |       |       |    41 |   149 |   223 |   304 |   120 ||   837
Dodge: Dodged            |    35 |    97 |   123 |   113 |   197 |   182 |    62 ||   809
Block: Buckler           |       |       |     7 |    42 |    75 |       |       ||   124
       Reflection        |       |       |       |       |    22 |   111 |    11 ||   144
       Kite shield       |       |       |       |       |   248 |   335 |       ||   583
       Tower shield      |       |       |       |       |       |   578 |   378 ||   956

Table legend: (Time is in decaauts)
 A = Elapsed time spent in this place.
 B = Non-inter-level travel time spent in this place.
 C = Inter-level travel time spent in this place.
 D = Time resting spent in this place.
 E = Time spent auto-exploring this place.
 F = Levels seen in this place.
 G = Mean time per level.
                   A        B        C        D        E       F      G
               +--------+--------+--------+--------+--------+-----+--------+
         Total |  43092 |  40807 |   2285 |  17293 |  14771 |  36 | 1197.0 |
       Dungeon |  19637 |  18377 |   1260 |   7693 |   6659 |  15 | 1309.1 |
        Temple |    404 |    352 |     52 |      0 |    340 |   1 |  404.0 |
          Lair |   6659 |   6313 |    346 |   1910 |   3206 |   6 | 1109.8 |
        Shoals |   2008 |   1944 |     64 |    448 |   1054 |   3 |  669.3 |
     Snake Pit |  10423 |   9977 |    446 |   5590 |   2570 |   4 | 2605.8 |
  Orcish Mines |   1971 |   1855 |    116 |    361 |    833 |   2 |  985.5 |
         Abyss |   1620 |   1620 |      0 |   1254 |     42 |   3 |  540.0 |
       Ossuary |    364 |    364 |      0 |     36 |     66 |   1 |  364.0 |
      Ice Cave |      2 |      2 |      0 |      0 |      0 |   1 |    2.0 |
               +--------+--------+--------+--------+--------+-----+--------+

Top non-repeatable levels by time:
 Snake:3: 3735 daAuts
    D:14: 2934 daAuts
 Snake:4: 2876 daAuts
    D:13: 2279 daAuts
 Snake:2: 2111 daAuts
    D:15: 1975 daAuts
  Lair:6: 1848 daAuts
 Snake:1: 1700 daAuts
 Abyss:1: 1620 daAuts
  Lair:3: 1425 daAuts
     D:7: 1378 daAuts
    D:12: 1322 daAuts
Shoals:1: 1267 daAuts
     D:3: 1267 daAuts
   Orc:2: 1233 daAuts
